 Dungeon Crawl Stone Soup version 0.19-a0-261-g60b6c46 (webtiles) character file.

8524 AllRandomAllDemise the Basher (level 10, 0/88 HPs)
             Began as a Demigod Hunter on May 24, 2016.
             Slain by an unseen horror (3 damage)
             ... on level 10 of the Dungeon on May 25, 2016.
             The game lasted 00:21:50 (15559 turns).

AllRandomAllDemise the Basher (Demigod Hunter)     Turns: 15559, Time: 00:21:51

Health: 0/88       AC:  6    Str: 15    XL:     10   Next: 86%
Magic:  22/22      EV: 13    Int: 15    God:
Gold:   769        SH:  0    Dex: 22    Spells: 0 memorised, 9 levels left

rFire  . . .     SeeInvis .     a - +2 flail (crush)
rCold  . . .     Gourm    .     j - +0 mottled dragon armour
rNeg   . . .     Faith    .     (no shield)
rPois  .         Spirit   .     (no helmet)
rElec  .         Dismiss  .     (no cloak)
rCorr  .         Reflect  .     (no gloves)
SustAt +         Harm     .     (no boots)
MR     +....                    (no amulet)
Stlth  +++.......               G - ring of stealth
                                y - ring of magical power

@: invisible, somewhat resistant to hostile enchantments, fairly stealthy
A: high mp 1, sustain attributes
a: no special abilities


You were on level 10 of the Dungeon.
You were full.

You visited 1 branch of the dungeon, and saw 10 of its levels.

You collected 769 gold pieces.

Inventory:

Hand Weapons
 a - a +2 flail of crushing (weapon)
 b - a +1 shortbow
 r - a +0 blowgun
 E - a +2 dagger of electrocution
Missiles
 d - 160 arrows
 k - 43 poisoned needles
 m - 403 stones (quivered)
Armour
 g - a +1 scale mail
 j - a +0 mottled dragon armour (worn)
Jewellery
 y - a ring of magical power (left hand)
 G - a ring of stealth (right hand)
 J - an uncursed ring of protection from magic {unknown}
Wands
 c - a wand of lightning (0/15)
 t - a wand of acid (0/15)
 x - a wand of flame (25/48)
 F - a wand of disintegration (8/24)
 H - a wand of disintegration (0/24)
Scrolls
 e - 2 scrolls of fog
 p - 3 scrolls of remove curse
 z - 2 scrolls of enchant weapon {unknown}
 C - 3 scrolls of magic mapping
 N - 3 scrolls of teleportation
Potions
 f - a potion of lignification {unknown}
 h - a potion of cancellation
 l - a potion of mutation {!q!q}
 s - 2 potions of brilliance
 w - a potion of agility {unknown}
 B - a potion of flight {unknown}
 D - a potion of resistance
 L - a potion of invisibility
Books
 n - a book of Changes

   Spells                             Type                      Level
   a - Beastly Appendage              Transmutation                1
   b - Sticks to Snakes               Transmutation                2
   c - Spider Form                    Transmutation/Poison         3
   d - Ice Form                       Ice/Transmutation            4
   e - Blade Hands                    Transmutation                5
 I - a book of Party Tricks

   Spells                             Type                      Level
   a - Summon Butterflies             Summoning                    1
   b - Apportation                    Translocation                1
   c - Tukima's Dance                 Hexes                        3
   d - Alistair's Intoxication        Transmutation/Poison         5
   e - Invisibility                   Hexes                        6
 K - a Young Poisoner's Handbook

   Spells                             Type                      Level
   a - Sting                          Conjuration/Poison           1
   b - Cure Poison                    Poison                       2
   c - Mephitic Cloud                 Conjuration/Poison/Air       3
   d - Olgreb's Toxic Radiance        Poison                       4
   e - Venom Bolt                     Conjuration/Poison           5
Comestibles
 i - 5 meat rations
 u - 3 slices of pizza
 v - a bread ration
 A - a royal jelly
 M - 2 beef jerkies
 O - 15 fruits


   Skills:
 + Level 8.3 Fighting
 - Level 10.0 Maces & Flails
 + Level 9.8 Bows
 - Level 1.1 Armour
 * Level 2.5 Dodging
 - Level 0.8 Stealth


You had 9 spell levels left.
You didn't know any spells.

Dungeon Overview and Level Annotations

Branches:
Dungeon (10/15)            Temple (0/1) D:4            Lair (0/8) D:9
    Orc: D:9-12

Shops:
D:8 *


Innate Abilities, Weirdness & Mutations

You have an increased reservoir of magic. (+10% MP)
Your attributes are resistant to harm.


Message History

* * * LOW HITPOINT WARNING * * *
Something hits you.
* * * LOW HITPOINT WARNING * * *
Evoke which item? (* to show all) (? for menu, Esc to quit)
Zapping:
H - a wand of disintegration (1/24)
Press: ? - help, Shift-Dir - straight line, f - you Nothing appears to happen.
This wand has 0 charges left.
Something hits you.
* * * LOW HITPOINT WARNING * * *
Drink which item? (? for menu, Esc to quit)
You feel better. Something hits you!
* * * LOW HITPOINT WARNING * * *
Drink which item? (? for menu, Esc to quit)
It was a potion of cure mutation.
It has a very clean taste.
Something hits you!
* * * LOW HITPOINT WARNING * * *
Drink which item? (? for menu, Esc to quit)
It was a potion of invisibility.
You fade into invisibility!
Something hits you.
You die...

#...............##....
#...............##.###
##.................#
.####.....#......#..##
..............####...###
####....###(...# #.#....
####.##.....###..###.
#.#...........# #.
#@#...#.......# #.
###.............# #.
#...............# ##
##.......#####...####
##........# ##....##
#.........# #..#..#
#.#.......# ##.....
##.######### ####.# #..#
#..


There were no monsters in sight!

Vanquished Creatures
  Erolcha (D:8)
  Pikel (D:7)
  Grinder (D:4)
  A two-headed ogre (D:9)
  5 yaks
  2 wyverns
  Eustachio (D:5)
  2 hippogriffs
  2 hungry ghosts (D:9)
  Menkaure (D:7)
  A mottled dragon (D:7)
  A water moccasin (D:6)
  2 orc warriors
  4 ice beasts
  5 sky beasts
  3 slaves
  7 ogres
  3 phantoms
  An eye of draining (D:10)
  A necrophage (D:9)
  2 centaurs
  7 giant frogs
  A big kobold (D:7)
  A water moccasin zombie (D:6)
  5 scorpions
  6 killer bees (D:8)
  3 crimson imps
  7 howler monkeys
  A quasit (D:10)
  A centaur zombie (D:7)
  2 giant frog skeletons
  A giant frog zombie (D:6)
  4 hounds
  A jelly (D:7)
  3 orc priests
  Terence (D:2)
  2 iguanas
  10 orc wizards
  8 worker ants
  A hound zombie (D:6)
  A hound skeleton (D:4)
  2 worker ant zombies
  A howler monkey skeleton (D:10)
  12 adders
  3 gnolls (D:8)
  4 adder zombies
  An adder skeleton (D:9)
  4 worms
  2 dart slugs
  5 giant geckos
  29 orcs
  5 bats
  4 bat skeletons (D:3)
  A bat zombie (D:3)
  3 giant cockroaches
  2 gnoll zombies (D:8)
  7 hobgoblins
  9 jackals
  11 kobolds
  5 quokkas
  3 ball pythons
  A giant gecko skeleton (D:7)
  7 giant newts
  5 goblins
  A jackal skeleton (D:8)
  A quokka skeleton (D:9)
  A quokka zombie (D:9)
  13 rats
255 creatures vanquished.

Vanquished Creatures (others)
  An orc wizard (D:10)
  An adder (D:7)
  A quokka (D:6)
  A quokka skeleton (D:7)
4 creatures vanquished.

Grand Total: 259 creatures vanquished

Notes
Turn   | Place    | Note
--------------------------------------------------------------
     0 | D:1      | AllRandomAllDemise the Demigod Hunter began the quest for the Orb.
     0 | D:1      | Reached XP level 1. HP: 17/17 MP: 3/3
   292 | D:1      | Reached XP level 2. HP: 24/24 MP: 4/4
  1444 | D:2      | Reached XP level 3. HP: 29/29 MP: 5/5
  1628 | D:2      | Noticed Terence
  1643 | D:2      | Killed Terence
  2087 | D:2      | Reached XP level 4. HP: 27/37 MP: 6/6
  2253 | D:2      | Noticed a moth of wrath
  2256 | D:2      | Found a bloodstained altar of Trog.
  2723 | D:3      | Reached skill level 5 in Bows
  2794 | D:3      | Found an ancient bone altar of Kikubaaqudgha.
  2899 | D:3      | Found a hide-covered altar to Ukayaw.
  3254 | D:4      | Reached XP level 5. HP: 45/45 MP: 7/7
  3397 | D:4      | Noticed an ogre
  3599 | D:4      | Noticed Grinder
  3603 | D:4      | Paralysed by Grinder for 5 turns
  3619 | D:4      | Killed Grinder
  3619 | D:4      | Reached XP level 6. HP: 52/52 MP: 8/8
  3683 | D:4      | Found a staircase to the Ecumenical Temple.
  3994 | D:4      | Found a shattered altar of Ashenzari.
  4382 | D:4      | Found a snail-covered altar of Cheibriados.
  4408 | D:4      | Reached skill level 1 in Maces & Flails
  4408 | D:4      | Reached XP level 7. HP: 37/59 MP: 9/9
  4710 | D:5      | Entered Level 5 of the Dungeon
  4953 | D:5      | Reached skill level 2 in Maces & Flails
  5085 | D:5      | Found a sparkling altar of Nemelex Xobeh.
  5290 | D:5      | Found a white marble altar of Elyvilon.
  5305 | D:5      | Noticed Eustachio
  5924 | D:5      | Killed Eustachio
  5924 | D:5      | Reached skill level 3 in Maces & Flails
  6291 | D:6      | Reached skill level 5 in Fighting
  6291 | D:6      | Reached XP level 8. HP: 47/68 MP: 10/10
  6743 | D:6      | Reached skill level 4 in Maces & Flails
  6960 | D:6      | Reached skill level 5 in Maces & Flails
  7867 | D:6      | Found a stormy altar of Qazlal.
  8598 | D:7      | Found an iron altar of Okawaru.
  8628 | D:7      | Upgraded the game from 0.19-a0-231-gae044c8 to 0.19-a0-261-g60b6c46
  8639 | D:7      | Found a sacrificial altar of Ru.
  8775 | D:7      | Reached skill level 6 in Maces & Flails
  8826 | D:7      | Noticed Menkaure
  8840 | D:7      | Killed Menkaure
  9071 | D:7      | Noticed Pikel
  9090 | D:7      | Reached XP level 9. HP: 67/75 MP: 11/11
  9667 | D:7      | Killed Pikel
  9842 | D:7      | Found a hazy altar of Hepliaklqana.
  9903 | D:7      | Reached skill level 7 in Maces & Flails
 10912 | D:8      | Found Zin's Purification Station.
 10915 | D:8      | Noticed Erolcha
 10929 | D:8      | Killed Erolcha
 10929 | D:8      | Reached skill level 8 in Maces & Flails
 10933 | D:8      | Found a glowing silver altar of Zin.
 11262 | D:8      | Found a sparkling altar of Nemelex Xobeh.
 11368 | D:8      | Found a basalt altar of Yredelemnul.
 11538 | D:8      | Reached XP level 10. HP: 68/86 MP: 13/13
 12082 | D:8      | Reached skill level 9 in Maces & Flails
 13749 | D:9      | Found an oddly glowing altar of Pakellas.
 14174 | D:9      | Found a shimmering altar of Xom.
 14275 | D:9      | Found a blossoming altar of Fedhas.
 14336 | D:9      | Found a staircase to the Lair.
 14406 | D:9      | Reached skill level 10 in Maces & Flails
 14708 | D:10     | Entered Level 10 of the Dungeon
 14921 | D:10     | Reached skill level 1 in Armour
 15558 | D:10     | HP: 2/88 [something (9)]
 15559 | D:10     | Slain by an unseen horror

Vault maps used:
D:1:      dpeg_arrival_refuge
D:2:      tgw_trog, minmay_statues_item, uniq_terence
D:3:      kennysheep_vampire_church, lemuel_coloured_pillars_altar
D:4:      kennysheep_slug_shrine, lemuel_doored_altar, temple_pool_b,
          first_bread, kennysheep_generic_room_14, uniq_grinder
D:5:      nicolae_overflow_hidden_temple, overflow_temple_1_default,
          nicolae_overflow_crystal_walls, uniq_eustachio
D:6:      nicolae_qazlal_eye_of_the_storm
D:7:      lemuel_crystal_altar, nicolae_ru_sacrificial_ziggurat,
          overflow_temple_1_default, uniq_pikel, uniq_menkaure
D:8:      zin_purify, lemuel_zombie_altar_yredelemnul, basic_altar, uniq_erolcha
D:9:      xom_teletrap_fun, old_standard_altar, lair_0_dummy,
          hangedman_tree_tricks

Skill      XL: |  1  2  3  4  5  6  7  8  9 10 |
---------------+-------------------------------+-----
Fighting       | 2 3 4 5 6 7 8 |  8.3
Bows           | 4 5 6 7 8 9 |  9.8
Maces & Flails | 1 3 6 8 10 | 10.0
Armour         | 1 |  1.1
Dodging        | 2 |  2.5
Stealth        | |  0.8

Action                   |  1- 3 |  4- 6 |  7- 9 | 10-12 || total
-------------------------+-------+-------+-------+-------++-------
Melee: Short sword       |    98 |   126 |       |       ||   224
       Flail             |       |    20 |    80 |   164 ||   264
       Dagger            |       |       |   288 |       ||   288
 Fire: Shortbow          |    44 |    36 |   178 |   193 ||   451
       Blowgun           |       |     9 |       |       ||     9
Throw: Stone             |       |     5 |       |       ||     5
Evoke: Wand              |       |       |     2 |    21 ||    23
  Use: Scroll            |     2 |     5 |    11 |     1 ||    19
       Potion            |       |     2 |     6 |     4 ||    12
 Stab: Sleeping          |     1 |       |       |     2 ||     3
  Eat: Chunk             |     3 |     7 |    14 |    10 ||    34
       Pizza             |       |     1 |       |       ||     1
       Bread ration      |       |       |     2 |     1 ||     3
       Fruit             |       |       |     3 |       ||     3
       Meat ration       |       |       |       |     2 ||     2
Armor: Leather armour    |    20 |       |       |       ||    20
       Scale mail        |    16 |    90 |   165 |       ||   271
       Mottled dragon ar |       |       |    59 |    76 ||   135
Dodge: Dodged            |    67 |    98 |   258 |   156 ||   579
